| TOP OF THE 1ST |
|
Tacoma Rainiers batting - Pitching for Omaha Storm Chasers : RHP Pete J. Smith
|
|
Pitching: RHP Pete J. Smith
|
|
|
Batting: SHB Chad Fonville
|
0-0: Called Strike 0-1: Ball 1-1: Ball 2-1: Foul Ball, location: 2F 2-2: Foul Ball, location: 2F 2-2: Ball 3-2: Fly out, F6 (Popup, 4M, EV 69.4 MPH)
|
|
Batting: LHB Daryl Boston
|
0-0: Ball 1-0: Swinging Strike 1-1: Ground out 6-3 (Groundball, 56, EV 83.1 MPH)
|
|
Batting: LHB Chito Martinez
|
0-0: Ball 1-0: Ball 2-0: Ground out 6-3 (Groundball, 6M, EV 81.9 MPH)
|
| Top of the 1st over - 0 runs, 0 hits, 0 errors, 0 left on base; Tacoma 0 - Omaha 0 |
| BOTTOM OF THE 1ST |
|
Omaha Storm Chasers batting - Pitching for Tacoma Rainiers : LHP Eddie Guardado
|
|
Pitching: LHP Eddie Guardado
|
|
|
Batting: RHB Roberto Mejia
|
0-0: Called Strike 0-1: Swinging Strike 0-2: Strikes out looking
|
|
Batting: RHB Hensley Meulens
|
0-0: Ball 1-0: Called Strike 1-1: Ball 2-1: Ground out 5-3 (Groundball, 5, EV 102.5 MPH)
|
|
Batting: RHB Eduardo Perez
|
0-0: Foul Ball, location: 2F 0-1: Ball 1-1: Foul Ball, location: 2F 1-2: Ball 2-2: Strikes out swinging
|
| Bottom of the 1st over - 0 runs, 0 hits, 0 errors, 0 left on base; Tacoma 0 - Omaha 0 |
| TOP OF THE 2ND |
|
Tacoma Rainiers batting - Pitching for Omaha Storm Chasers : RHP Pete J. Smith
|
|
Batting: RHB Russ Davis
|
0-0: Called Strike 0-1: Called Strike 0-2: Ball 1-2: Ball 2-2: Fly out, F9 (Flyball, 89M, EV 84.4 MPH)
|
|
Batting: SHB Micah Franklin
|
0-0: Foul Ball, location: 2F 0-1: Called Strike 0-2: Ball 1-2: Foul Ball, location: 2F 1-2: Foul Ball, location: 2F 1-2: Fly out, F8 (Flyball, 8RM, EV 84.4 MPH)
|
|
Batting: RHB Jose Guillen
|
0-0: Ball 1-0: SINGLE (Flyball, 8LS, EV 88.1 MPH)
|
|
Batting: LHB Greg O'Halloran
|
0-0: Called Strike 0-1: Ball 1-1: Ball 2-1: Foul Ball, location: 2F 2-2: 2-RUN HOME RUN (Flyball, 89XD, EV 102.5 MPH), Distance : 387 ft
|
|
Batting: RHB Ron Coomer
|
0-0: Fly out, F9 (Flyball, 89M, EV 91.3 MPH)
|
| Top of the 2nd over - 2 runs, 2 hits, 0 errors, 0 left on base; Tacoma 2 - Omaha 0 |
| BOTTOM OF THE 2ND |
|
Omaha Storm Chasers batting - Pitching for Tacoma Rainiers : LHP Eddie Guardado
|
|
Batting: RHB Matt Mieske
|
0-0: Called Strike 0-1: Ball 1-1: Called Strike 1-2: Ball 2-2: Foul Ball, location: 2F 2-2: Ground out 6-3 (Groundball, 6, EV 82.5 MPH)
|
|
Batting: RHB Mike Figga
|
0-0: Foul Ball, location: 2F 0-1: Called Strike 0-2: Fly out, F8 (Line Drive, 8LM, EV 89.4 MPH)
|
|
Batting: SHB Javier Valentin
|
0-0: Foul Ball, location: 2F 0-1: Ball 1-1: Fly out, F9 (Flyball, 9S, EV 79.4 MPH)
|
| Bottom of the 2nd over - 0 runs, 0 hits, 0 errors, 0 left on base; Tacoma 2 - Omaha 0 |
| TOP OF THE 3RD |
|
Tacoma Rainiers batting - Pitching for Omaha Storm Chasers : RHP Pete J. Smith
|
|
Batting: RHB Eric Young
|
0-0: Called Strike 0-1: Foul Ball, location: 2F 0-2: Foul Ball, location: 2F 0-2: Ball 1-2: Single, Error in OF, E7, batter to second base (Groundball, 56D, EV 104.4 MPH)
|
|
Batting: SHB Chad Fonville
|
0-0: Ball 1-0: Foul Ball, location: 2F 1-1: Ground out U3 (Groundball, 3, EV 91.3 MPH) Eric Young to third
|
|
Batting: LHB Daryl Boston
|
0-0: Called Strike 0-1: Fly out, F8 (Line Drive, 8LM, EV 88.8 MPH) Runner from 3rd tags up, SCORES, throw by CF
|
|
Batting: LHB Chito Martinez
|
0-0: Swinging Strike 0-1: Foul Ball, location: 2F 0-2: Ball 1-2: Foul Ball, location: 2F 1-2: Ball 2-2: Strikes out swinging
|
| Top of the 3rd over - 1 run, 1 hit, 1 error, 0 left on base; Tacoma 3 - Omaha 0 |
| BOTTOM OF THE 3RD |
|
Omaha Storm Chasers batting - Pitching for Tacoma Rainiers : LHP Eddie Guardado
|
|
Batting: RHB Danny Clyburn
|
0-0: Bunt for hit to P - play at first, batter OUT! 1-3
|
|
Batting: SHB Pablo Martinez
|
0-0: Called Strike 0-1: Foul Ball, location: 2F 0-2: Ball 1-2: Foul Ball, location: 2F 1-2: Foul Ball, location: 2F 1-2: Foul Ball, location: 2F 1-2: Foul Ball, location: 2F 1-2: Ball 2-2: Foul Ball, location: 2F 2-2: Foul Ball, location: 2F 2-2: Foul Ball, location: 2F 2-2: Foul Ball, location: 2F 2-2: Ball 3-2: Base on Balls
|
|
Batting: SHB Kerwin Moore
|
0-0: Ball 1-0: Fielders Choice at 2nd, 4-6 (Groundball, 4, EV 83.1 MPH)
|
|
Batting: RHB Roberto Mejia
|
0-0: Called Strike 0-1: Ball 1-1: Foul Ball, location: 2F 1-2: SINGLE (Line Drive, 7S, EV 95.0 MPH) Kerwin Moore to second
|
|
Batting: RHB Hensley Meulens
|
0-0: Ball 1-0: Ball 2-0: Foul Ball, location: 2F 2-1: Foul Ball, location: 2F 2-2: Ball 3-2: Foul Ball, location: 2F 3-2: Base on Balls Kerwin Moore to third Roberto Mejia to second
|
|
Batting: RHB Eduardo Perez
|
0-0: GRAND SLAM HOME RUN (Flyball, 7D, EV 104.4 MPH), Distance : 361 ft
|
|
Batting: RHB Matt Mieske
|
0-0: SINGLE (Groundball, 4MD, EV 108.1 MPH)
|
|
Batting: RHB Mike Figga
|
0-0: Ball 1-0: Ball 2-0: Ball 3-0: Called Strike 3-1: Base on Balls Matt Mieske to second
|
|
Batting: SHB Javier Valentin
|
0-0: Ground out 5-3 (Groundball, 56S, EV 74.4 MPH)
|
| Bottom of the 3rd over - 4 runs, 3 hits, 0 errors, 2 left on base; Tacoma 3 - Omaha 4 |
| TOP OF THE 4TH |
|
Tacoma Rainiers batting - Pitching for Omaha Storm Chasers : RHP Pete J. Smith
|
|
Batting: RHB Russ Davis
|
0-0: Called Strike 0-1: Ball 1-1: Ball 2-1: Foul Ball, location: 2F 2-2: Fly out, F7 (Flyball, 7LS, EV 76.3 MPH)
|
|
Batting: SHB Micah Franklin
|
0-0: Ball 1-0: Foul Ball, location: 2F 1-1: Called Strike 1-2: Fly out, F3 (Flyball, 3D, EV 76.9 MPH)
|
|
Batting: RHB Jose Guillen
|
0-0: Called Strike 0-1: Ball 1-1: Foul Ball, location: 2F 1-2: Ball 2-2: Foul Ball, location: 2F 2-2: Ball 3-2: Base on Balls
|
|
Batting: LHB Greg O'Halloran
|
0-0: Called Strike 0-1: Ball 1-1: Ball 2-1: Called Strike 2-2: Ball 3-2: SINGLE (Flyball, 89S, EV 91.9 MPH) Jose Guillen to second Jose Guillen to third
|
|
Batting: RHB Ron Coomer
|
Pickoff Throw to First - Out! 1-3
|
| Top of the 4th over - 0 runs, 1 hit, 0 errors, 1 left on base; Tacoma 3 - Omaha 4 |
| BOTTOM OF THE 4TH |
|
Omaha Storm Chasers batting - Pitching for Tacoma Rainiers : LHP Eddie Guardado
|
|
Batting: RHB Danny Clyburn
|
0-0: Called Strike 0-1: Called Strike 0-2: Strikes out swinging
|
|
Batting: SHB Pablo Martinez
|
0-0: Called Strike 0-1: Ball 1-1: Foul Ball, location: 2F 1-2: Ball 2-2: Ground out 1-3 (Groundball, 34S, EV 83.1 MPH)
|
|
Batting: SHB Kerwin Moore
|
0-0: Ball 1-0: Fly out, F8 (Flyball, 8RM, EV 91.9 MPH)
|
| Bottom of the 4th over - 0 runs, 0 hits, 0 errors, 0 left on base; Tacoma 3 - Omaha 4 |
| TOP OF THE 5TH |
|
Tacoma Rainiers batting - Pitching for Omaha Storm Chasers : RHP Pete J. Smith
|
|
Batting: RHB Ron Coomer
|
0-0: SINGLE (Flyball, 7LS, EV 91.9 MPH)
|
|
Batting: RHB Eric Young
|
0-0: Ball 1-0: Ball 2-0: Bunted foul 2-1: Bunted foul 2-2: Foul Ball, location: 2F 2-2: Foul Ball, location: 2F 2-2: Foul Ball, location: 2F 2-2: Fly out, F9 (Flyball, 9S, EV 79.4 MPH)
|
|
Batting: SHB Chad Fonville
|
0-0: Ball 1-0: Fielders Choice at 2nd, 4-6 (Groundball, 4, EV 85.6 MPH)
|
|
Batting: LHB Daryl Boston
|
0-0: Ball 1-0: Called Strike 1-1: Fly out, F8 (Line Drive, 8RD, EV 101.3 MPH)
|
| Top of the 5th over - 0 runs, 1 hit, 0 errors, 1 left on base; Tacoma 3 - Omaha 4 |
| BOTTOM OF THE 5TH |
|
Omaha Storm Chasers batting - Pitching for Tacoma Rainiers : LHP Eddie Guardado
|
|
Batting: RHB Roberto Mejia
|
0-0: Swinging Strike 0-1: Foul Ball, location: 2F 0-2: Ball 1-2: Strikes out swinging
|
|
Batting: RHB Hensley Meulens
|
0-0: Called Strike 0-1: Swinging Strike 0-2: Foul Ball, location: 2F 0-2: Foul Ball, location: 2F 0-2: Foul Ball, location: 2F 0-2: Foul Ball, location: 2F 0-2: Ball 1-2: SOLO HOME RUN (Flyball, 78XD, EV 100.6 MPH), Distance : 393 ft
|
|
Batting: RHB Eduardo Perez
|
0-0: SOLO HOME RUN (Flyball, 78XD, EV 100.0 MPH), Distance : 396 ft
|
|
Pitching: RHP Carlos Reyes
|
|
|
Batting: RHB Matt Mieske
|
0-0: Ball 1-0: Ball 2-0: Ground out 5-3 (Groundball, 56, EV 88.1 MPH)
|
|
Batting: RHB Mike Figga
|
0-0: Called Strike 0-1: Ball 1-1: Swinging Strike 1-2: Ball 2-2: Ground out 1-3 (Groundball, P, EV 80.6 MPH)
|
| Bottom of the 5th over - 2 runs, 2 hits, 0 errors, 0 left on base; Tacoma 3 - Omaha 6 |
| TOP OF THE 6TH |
|
Tacoma Rainiers batting - Pitching for Omaha Storm Chasers : RHP Pete J. Smith
|
|
Batting: LHB Chito Martinez
|
0-0: Ball 1-0: Called Strike 1-1: Ball 2-1: Foul Ball, location: 2F 2-2: Ball 3-2: Foul Ball, location: 2F 3-2: Foul Ball, location: 2F 3-2: Base on Balls
|
|
Batting: RHB Russ Davis
|
0-0: Ball 1-0: Ball 2-0: Ball 3-0: Swinging Strike 3-1: Base on Balls Chito Martinez to second
|
|
Batting: SHB Micah Franklin
|
0-0: Ball 1-0: Swinging Strike 1-1: Ball 2-1: Foul Ball, location: 2F 2-2: Strikes out swinging
|
|
Batting: RHB Jose Guillen
|
0-0: Ball 1-0: Called Strike 1-1: Called Strike 1-2: Strikes out swinging
|
|
Batting: LHB Greg O'Halloran
|
0-0: Ball 1-0: Ball 2-0: Foul Ball, location: 2F 2-1: Fly out, F8 (Flyball, 8RS, EV 83.8 MPH)
|
| Top of the 6th over - 0 runs, 0 hits, 0 errors, 2 left on base; Tacoma 3 - Omaha 6 |
| BOTTOM OF THE 6TH |
|
Omaha Storm Chasers batting - Pitching for Tacoma Rainiers : RHP Carlos Reyes
|
|
Batting: SHB Javier Valentin
|
0-0: Ball 1-0: Ball 2-0: Called Strike 2-1: Ball 3-1: Called Strike 3-2: Strikes out swinging
|
|
Batting: RHB Danny Clyburn
|
0-0: Foul Ball, location: 2F 0-1: Ball 1-1: Called Strike 1-2: Strikes out swinging
|
|
Batting: SHB Pablo Martinez
|
0-0: Ball 1-0: Ball 2-0: Ball 3-0: Called Strike 3-1: Foul Ball, location: 2F 3-2: Strikes out looking
|
| Bottom of the 6th over - 0 runs, 0 hits, 0 errors, 0 left on base; Tacoma 3 - Omaha 6 |
| TOP OF THE 7TH |
|
Tacoma Rainiers batting - Pitching for Omaha Storm Chasers : RHP Pete J. Smith
|
|
Batting: RHB Ron Coomer
|
0-0: Called Strike 0-1: Swinging Strike 0-2: Ball 1-2: Ball 2-2: SINGLE (Line Drive, 34D, EV 96.9 MPH)
|
|
Batting: RHB Eric Young
|
0-0: Called Strike 0-1: Swinging Strike 0-2: Foul Ball, location: 2F 0-2: Ball 1-2: Fly out, F8 (Flyball, 8LD, EV 104.4 MPH)
|
|
Batting: SHB Chad Fonville
|
0-0: Ball 1-0: Fly out, F9 (Flyball, 89M, EV 86.9 MPH)
|
|
Batting: LHB Daryl Boston
|
0-0: Ball 1-0: Ground out 4-3 (Groundball, 4, EV 102.5 MPH)
|
| Top of the 7th over - 0 runs, 1 hit, 0 errors, 1 left on base; Tacoma 3 - Omaha 6 |
| BOTTOM OF THE 7TH |
|
Omaha Storm Chasers batting - Pitching for Tacoma Rainiers : RHP Carlos Reyes
|
|
Batting: SHB Kerwin Moore
|
0-0: Ball 1-0: Foul Ball, location: 2F 1-1: Fly out, F9 (Flyball, 9S, EV 85.6 MPH)
|
|
Batting: RHB Roberto Mejia
|
0-0: SINGLE (Groundball, 6, EV 86.9 MPH) (infield hit)
|
|
Batting: RHB Hensley Meulens
|
0-0: Ball 1-0: Foul Ball, location: 2F 1-1: Swinging Strike 1-2: Strikes out swinging
|
|
Batting: RHB Eduardo Perez
|
0-0: Ball 1-0: Fly out, F9 (Flyball, 9S, EV 88.1 MPH)
|
| Bottom of the 7th over - 0 runs, 1 hit, 0 errors, 1 left on base; Tacoma 3 - Omaha 6 |
| TOP OF THE 8TH |
|
Tacoma Rainiers batting - Pitching for Omaha Storm Chasers : RHP Pete J. Smith
|
|
Pitching: LHP Pat Gomez
|
|
|
Batting: LHB Chito Martinez
|
0-0: Ball 1-0: Swinging Strike 1-1: Called Strike 1-2: Ball 2-2: Foul Ball, location: 2F 2-2: Foul Ball, location: 2F 2-2: Ball 3-2: Base on Balls
|
|
Batting: RHB Russ Davis
|
0-0: Swinging Strike 0-1: Swinging Strike 0-2: Foul Ball, location: 2F 0-2: Ball 1-2: Strikes out swinging
|
|
Batting: SHB Micah Franklin
|
0-0: Ball 1-0: Called Strike 1-1: Swinging Strike 1-2: Strikes out swinging
|
|
Batting: RHB Jose Guillen
|
0-0: Foul Ball, location: 2F 0-1: Swinging Strike 0-2: Foul Ball, location: 2F 0-2: Ball 1-2: Ball 2-2: Strikes out swinging
|
| Top of the 8th over - 0 runs, 0 hits, 0 errors, 1 left on base; Tacoma 3 - Omaha 6 |
| BOTTOM OF THE 8TH |
|
Omaha Storm Chasers batting - Pitching for Tacoma Rainiers : RHP Carlos Reyes
|
|
Batting: RHB Matt Mieske
|
0-0: Called Strike 0-1: Foul Ball, location: 2F 0-2: Ball 1-2: SINGLE (Groundball, 56D, EV 95.0 MPH)
|
|
Pitching: LHP Jeff Wallace
|
|
|
Batting: RHB Mike Figga
|
0-0: Ball 1-0: Ball 2-0: Ball 3-0: Base on Balls Matt Mieske to second
|
|
Batting: SHB Javier Valentin
|
0-0: Fly out, F6 (Line Drive, 6, EV 64.4 MPH)
|
|
Batting: RHB Danny Clyburn
|
0-0: Ball 1-0: Foul Ball, location: 2F 1-1: Called Strike 1-2: Ball 2-2: Foul Ball, location: 2F 2-2: Ball 3-2: Base on Balls Matt Mieske to third Mike Figga to second
|
|
Batting: SHB Pablo Martinez
|
0-0: Foul Ball, location: 2F 0-1: Ball 1-1: Ball 2-1: Fly out, F8 (Flyball, 8RM, EV 93.8 MPH) Runner from 3rd tags up, OUT at HOME! 8-2
|
| Bottom of the 8th over - 0 runs, 1 hit, 0 errors, 2 left on base; Tacoma 3 - Omaha 6 |
| TOP OF THE 9TH |
|
Tacoma Rainiers batting - Pitching for Omaha Storm Chasers : LHP Pat Gomez
|
|
Pitching: LHP Tony J. Castillo
|
|
|
Batting: LHB Greg O'Halloran
|
0-0: Called Strike 0-1: Called Strike 0-2: Ball 1-2: Fly out, F8 (Line Drive, 8RD, EV 91.9 MPH)
|
|
Batting: RHB Ron Coomer
|
0-0: Called Strike 0-1: Ball 1-1: Called Strike 1-2: Strikes out swinging
|
|
Batting: RHB Eric Young
|
0-0: Foul Ball, location: 2F 0-1: Ball 1-1: Ball 2-1: Ball 3-1: Foul Ball, location: 2F 3-2: Ground out 5-3 (Groundball, 5, EV 83.8 MPH)
|
| Top of the 9th over - 0 runs, 0 hits, 0 errors, 0 left on base; Tacoma 3 - Omaha 6 |
|